 Dungeon Crawl Stone Soup version 0.24-a0-378-g94936e539c (webtiles) character file.

Game seed: 12407658546558577150

43 Gorice the Skirmisher (level 3, -1/35 HPs)
             Began as a Gnoll Wanderer on June 1, 2019.
             Slain by Crazy Yiuf
             ... wielding a +4 quarterstaff of chaos
              (2 damage)
             ... on level 2 of the Dungeon.
             The game lasted 00:05:27 (1247 turns).

Gorice the Skirmisher (Gnoll Wanderer)              Turns: 1247, Time: 00:05:27

Health: -1/35      AC:  2    Str: 15    XL:     3   Next: 58%
Magic:  4/4        EV: 12    Int: 12    God:
Gold:   76         SH:  0    Dex: 18    Spells: 2/3 levels left

rFire    + . .     SeeInvis .   a - +0 hand axe
rCold    + + .     Gourm    .   (no shield)
rNeg     . . .     Faith    .   d - +0 robe
rPois    .         Spirit   .   (no helmet)
rElec    .         Reflect  .   i - scarf {rC+ rF+}
rCorr    .         Harm     .   (no gloves)
MR       .....                  (no boots)
Stlth    ++........             (no amulet)
HPRegen  0.11/turn              e - +2 ring of dexterity
MPRegen  0.09/turn              c - ring of protection from cold

@: no status effects
A: distributed training, fangs 1, strong nose
a: no special abilities


You were on level 2 of the Dungeon.
You were not hungry.

You visited 1 branch of the dungeon, and saw 2 of its levels.

You collected 76 gold pieces.

Inventory:

Hand Weapons
 a - a +0 hand axe (weapon)
 b - a +0 hunting sling
 p - a +0 long sword
Missiles
 j - 19 arrows
 m - 6 sling bullets
 Y - 60 stones (quivered)
Armour
 d - a +0 robe (worn)
 i - a scarf of resistance (worn)
   (You found it on level 1 of the Dungeon)
Jewellery
 c - a ring of protection from cold (right hand)
 e - a +2 ring of dexterity (left hand)
Scrolls
 h - a scroll of enchant weapon {unknown}
 k - a scroll of fog
 l - a scroll of identify
 n - a scroll of amnesia {unknown}
Potions
 g - a potion of flight {unknown}
 o - a potion of brilliance {!q}
Comestibles
 f - 4 rations


   Skills:
 + Level 6.5 Fighting
 + Level 0.8 Short Blades
 + Level 0.8 Long Blades
 + Level 2.6 Axes
 + Level 0.8 Maces & Flails
 + Level 0.8 Polearms
 + Level 0.8 Staves
 + Level 0.8 Slings
 + Level 0.8 Bows
 + Level 0.8 Crossbows
 + Level 0.8 Throwing
 + Level 2.6 Armour
 + Level 0.8 Dodging
 + Level 2.4 Stealth
 + Level 2.6 Shields
 + Level 0.8 Unarmed Combat
 + Level 0.8 Spellcasting
 + Level 0.5 Conjurations
 + Level 0.5 Hexes
 + Level 0.5 Charms
 + Level 0.5 Summonings
 + Level 0.5 Necromancy
 + Level 0.5 Translocations
 + Level 0.5 Transmutations
 + Level 0.5 Fire Magic
 + Level 0.5 Ice Magic
 + Level 5.4 Air Magic
 + Level 0.5 Earth Magic
 + Level 0.5 Poison Magic
 + Level 1.0 Invocations
 + Level 0.8 Evocations


You had 2 spell levels left.
You knew the following spells:

 Your Spells              Type           Power        Failure   Level  Hunger
a - Shock                 Conj/Air       #...         9%          1    ##.....

Your spell library contained the following spells:

 Spells                   Type           Power        Failure   Level  Hunger
 Swiftness                Chrm/Air       #.......     14%         2    ###....
 Passwall                 Tmut/Erth      #.......     36%         2    ###....
 Sticks to Snakes         Tmut           #.......     36%         2    ###....
 Static Discharge         Conj/Air       #.......     26%         3    ####...
 Airstrike                Air            ##........   32%         4    #####..
 Lightning Bolt           Conj/Air       #.........   94%         5    ######.


Dungeon Overview and Level Annotations

Branches:
Dungeon (2/15)

Altars:

Annotations:
D:2 Crazy Yiuf


Innate Abilities, Weirdness & Mutations

Your experience applies equally to all skills.
You have very sharp teeth.
Your uncanny sense of smell can sniff out nearby items.


Message History

The kobold barely misses you.
You hit the kobold.
You kill the kobold!
You see here a kobold corpse.
Found a scroll labeled JOMEZX TYSEQO.
h - a scroll labeled JOMEZX TYSEQO You see here a long sword.
You see here a long sword.
p - a long sword
Found a mace.
Found a runed mace and a mace.
You see here a runed mace.
You see here a mace.
Found seven maces.
Found a runed translucent door.
You see here a mace.
Found a mace.
You see here a mace.
Crazy Yiuf shouts!
You see here a mace.
Found three maces.
You see here a mace.
You open the door.
Crazy Yiuf grits, "Tonal mobile sanguine!"
Crazy Yiuf hits you with a +4 quarterstaff of chaos!
There is an open translucent door, spattered with blood here.
Damage: 9 (max 9)
You hit Crazy Yiuf.
Crazy Yiuf is lightly wounded.
Crazy Yiuf barely misses you.
You hit Crazy Yiuf but do no damage. Your bite misses Crazy Yiuf.
Crazy Yiuf is lightly wounded.
Crazy Yiuf hits you with a +4 quarterstaff of chaos.
Damage: 3 (max 9)
You barely miss Crazy Yiuf. You bite Crazy Yiuf, but do no damage.
Crazy Yiuf is lightly wounded.
Crazy Yiuf misses you.
You hit Crazy Yiuf but do no damage.
Crazy Yiuf is lightly wounded.
Crazy Yiuf hits you with a +4 quarterstaff of chaos!
Crazy Yiuf burns you.
Damage: 9 (max 9)
You hit Crazy Yiuf.
Crazy Yiuf is moderately wounded.
Crazy Yiuf barely misses you.
You hit Crazy Yiuf but do no damage.
Crazy Yiuf is moderately wounded.
Crazy Yiuf hits you with a +4 quarterstaff of chaos!
* * * LOW HITPOINT WARNING * * *
Crazy Yiuf burns you.
You die...

#.# #....#
#.# #....#
#.# #)..##
#.# ##)##
#.# #)## #.#
##)# ##.#
#)##
#######..#
##)#
.........#
#@#
######..#
#)g)#
######...##
#)))#
##......###
#).)#
.†.######
##### .###
##
############
#.....<....#


You could see Crazy Yiuf.

Vanquished Creatures
  A gnoll (D:1)
  A worm (D:2)
  2 dart slugs (D:1)
  A ball python (D:1)
  6 bats (D:1)
  A giant cockroach (D:2)
  2 goblins
  A quokka (D:2)
  5 frilled lizards
  4 kobolds
  6 rats (D:1)
30 creatures vanquished.

Notes
Turn   | Place    | Note
-------+----------+-------------------------------------------
     0 | D:1      | Gorice the Gnoll Wanderer began the quest for the Orb.
     0 | D:1      | Gorice set off with the following items: a +0 hand axe, a
                  | +0 robe, a ration; and the following spell memorised:
                  | Shock; and the following spells available to memorise:
                  | Swiftness, Static Discharge, Airstrike, Passwall, Sticks to
                  | Snakes, Lightning Bolt
     0 | D:1      | Reached XP level 1. HP: 23/23 MP: 1/1
   356 | D:1      | Reached XP level 2. HP: 29/29 MP: 2/2
   748 | D:2      | Reached XP level 3. HP: 35/35 MP: 3/3
   851 | D:1      | HP: 6/35 [gnoll/+0 flail (7)]
   871 | D:1      | HP: 2/35 [gnoll/+0 flail (7)]
   874 | D:1      | Reached skill level 1 in Invocations
  1236 | D:2      | Found a runed translucent door.
  1237 | D:2      | Noticed Crazy Yiuf
  1247 | D:2      | HP: 1/35 [Crazy Yiuf/+4 quarterstaff of chaos (13)]
  1247 | D:2      | Slain by Crazy Yiuf

Levels and vault maps discovered:
D:1:      lemuel_arrival_broad_hall, layout_rooms
D:2:      layout_rooms, nicolae_overflow_hidden_temple, uniq_crazy_yiuf_cottage

Skill      XL: |  1  2  3 |
---------------+----------+-----
Invocations    | 1 |  1.0
Fighting       | |  6.5
Short Blades   | |  0.8
Long Blades    | |  0.8
Axes           | |  2.6
Maces & Flails | |  0.8
Polearms       | |  0.8
Staves         | |  0.8
Slings         | |  0.8
Bows           | |  0.8
Crossbows      | |  0.8
Throwing       | |  0.8
Armour         | |  2.6
Dodging        | |  0.8
Stealth        | |  2.4
Shields        | |  2.6
Unarmed Combat | |  0.8
Spellcasting   | |  0.8
Conjurations   | |  0.5
Hexes          | |  0.5
Charms         | |  0.5
Summonings     | |  0.5
Necromancy     | |  0.5
Translocations | |  0.5
Transmutations | |  0.5
Fire Magic     | |  0.5
Ice Magic      | |  0.5
Air Magic      | |  5.4
Earth Magic    | |  0.5
Poison Magic   | |  0.5
Evocations     | |  0.8

Action                   || total
-------------------------++-------
Melee: Hand axe          ||    96
       Bite              ||     6
 Fire: Hunting sling     ||     6
  Use: Scroll            ||     2
       Potion            ||     1
 Stab: Sleeping          ||     2
  Eat: Chunk             ||     1
Armor: Robe              ||    21
Dodge: Dodged            ||    61

Table legend:
 A = Non-vault XP
 B = Vault XP
 C = Vault XP percentage of total XP
 D = Non-vault monster count
 E = Vault monster count
 F = Vault count percentage of total count
                 A         B        C        D         E       F
            +---------+---------+-------+---------+---------+-------
      Total |      62 |       0 |   0.0 |      30 |       0 |   0.0
            +---------+---------+-------+---------+---------+-------
        D:1 |      48 |       0 |   0.0 |      23 |       0 |   0.0
        D:2 |      14 |       0 |   0.0 |       7 |       0 |   0.0
            +---------+---------+-------+---------+---------+-------

Table legend:
 A = Turns spent in this place as a percentage of turns spent in the entire game.
 B = Non-inter-level travel turns spent in this place as a percentage of non-inter-level travel turns spent in the entire game.
 C = Inter-level travel turns spent in this place as a percentage of turns spent in this place.
 D = Turns resting spent in this place as a percentage of non-inter-level travel turns spent in this place.
 E = Turns spent auto-exploring this place as a percentage of non-inter-level travel turns spent in this place.
 F = Non-inter-level travel turns spent in this place divided by the number of levels of this place that you've seen.
                   A       B       C       D       E      F
               +-------+-------+-------+-------+-------+----------------------
         Total | 100.0 | 100.0 |   4.0 |  39.8 |  17.0 | 598.5
       Dungeon | 100.0 | 100.0 |   4.0 |  39.8 |  17.0 | 598.5
               +-------+-------+-------+-------+-------+----------------------

Levels and vault maps discovered:
D:1:      lemuel_arrival_broad_hall, layout_rooms
D:2:      layout_rooms, nicolae_overflow_hidden_temple, uniq_crazy_yiuf_cottage
